AoeStats
← Michi3052

Arabia

505160472Analyzed
1v1 RM · 25d ago on Sep 8, 2026· 25m 35s· 2 players
Game mode
Random Map
Map size
Tiny (2 player)
Population
200
Speed
Normal
Resources
Standard
Victory
Conquest
Starting age
Dark Age
Ending age
Imperial Age
RankedLock teamsTeams togetherTeam positionsShared explorationLock speedFull tech treeHidden civsTurbo modeCheats
Victory
Defeat
🇨🇳 Bulgarians · China
689
+27
🇪🇸 Berbers · Spain
653
-14
Michi3052
8:36 Loom
11:11 Feudal Age
14:32 Bloodlines
27:05 Castle Age
铁木真
6:58 Loom
9:19 Feudal Age
9:48 Double-Bit Axe
12:26 Arson
17:09 Gold Mining
19:22 Castle Age
17:24 Loom
19:59 Castle Age
19:30 Scale Mail Armor
21:03 Squires
Connection lost

Rejoining the realm…

Still unreachable

The connection could not be restored.

Session expired

The server has moved on; the page needs a fresh start.